 Dungeon Crawl Stone Soup version 0.25-a0-1071-g2607d5cfa1 (webtiles) character file.

Game seed: 7011268472736925532, levelgen mode: deterministic

113 DerDa the Chiller (level 4, 0/30 HPs)
             Began as a Merfolk Ice Elementalist on May 14, 2020.
             Slain by a gnoll
             ... wielding a +0 spear
              (12 damage)
             ... on level 3 of the Dungeon.
             The game lasted 00:05:52 (2715 turns).

DerDa the Chiller (Merfolk Ice Elementalist)        Turns: 2715, Time: 00:05:52

Health: 0/30       AC:  3    Str:  8    XL:     4   Next: 96%
Magic:  5/8        EV: 14    Int: 15    God:
Gold:   99         SH:  0    Dex: 14    Spells: 2/9 levels left

rFire    . . .     SeeInvis .   e - +0 spear (flame)
rCold    . . .     Gourm    .   (no shield)
rNeg     . . .     Faith    .   a - +0 robe
rPois    .         Spirit   .   g - +0 helmet
rElec    .         Reflect  .   (no cloak)
rCorr    .         Harm     .   (no gloves)
MR       .....                  (no boots)
Stlth    ++........             (no amulet)
HPRegen  0.10/turn              (no ring)
MPRegen  0.11/turn              (no ring)

@: no status effects
A: change form in water, swift swim, stealthy swim
a: no special abilities


You were on level 3 of the Dungeon.
You were not hungry.

You visited 1 branch of the dungeon, and saw 3 of its levels.

You collected 99 gold pieces.

Inventory:

Hand Weapons
 e - a +0 spear of flaming (weapon)
 n - a +1 whip of electrocution
 p - a +0 hunting sling
Missiles
 f - 13 poisoned darts (quivered)
 o - 48 stones
Armour
 a - a +0 robe (worn)
 g - a +0 helmet (worn)
Scrolls
 j - a scroll of magic mapping {unknown}
 k - a scroll of remove curse {unknown}
 l - a scroll of teleportation {unknown}
 m - 2 scrolls of fog {unknown}
Potions
 b - a potion of degeneration {unknown}
 d - 3 potions of curing {unknown}
 i - a potion of resistance {unknown}
Comestibles
 c - 4 rations


   Skills:
 + Level 1.9 Polearms
 + Level 3.7 Dodging
 - Level 2.1 Stealth
 * Level 3.1 Spellcasting
 * Level 5.3 Ice Magic


You had 2 spell levels left.
You knew the following spells:

 Your Spells              Type           Power        Failure   Level  Hunger
a - Freeze                Ice            ###.         2%          1    #......
b - Frozen Ramparts       Ice            ###...       7%          3    ###....
c - Ozocubu's Armour      Chrm/Ice       ##......     21%         3    ###....

Your spell library contained the following spells:

 Spells                   Type           Power        Failure   Level  Hunger
 Hailstorm                Conj/Ice       ##......     54%         4    #####..
 Summon Ice Beast         Ice/Summ       ##......     54%         4    #####..


Dungeon Overview and Level Annotations

Branches:
Dungeon (3/15)

Altars:
Sif Muna


Message History

You freeze the gnoll.
The gnoll is lightly wounded.
The gnoll closely misses you.
Casting: Freeze (safe; 2% risk of failure)
Confirm with . or Enter, or press ? or * to list all spells.
Aiming: Freeze (safe; 2% risk of failure)
Press: ? - help, Shift-Dir - straight line, f/p - gnoll
Aim: a gnoll, wielding a +0 spear and wearing a +0 ring mail (lightly wounded)
You freeze the gnoll.
The gnoll is moderately wounded.
The gnoll hits you with a +0 spear.
Casting: Freeze (safe; 2% risk of failure)
Confirm with . or Enter, or press ? or * to list all spells.
Aiming: Freeze (safe; 2% risk of failure)
Press: ? - help, Shift-Dir - straight line, f/p - gnoll
Aim: a gnoll, wielding a +0 spear and wearing a +0 ring mail (moderately wounded)
You freeze the gnoll.
The gnoll is severely wounded.
The gnoll hits you with a +0 spear!
You die...

.#.###.#.....#..S..#.
...#..######'####....#..
...+)..###.....###...'..
...#....###.....###..#..
...#.....###.....###.#..
.#.##.....###.....####..
...###.....###.....###..
...#####)#######g####..#
##.....)........@......#
..........##.........###
###################### #
# #### ...# ##.# ##.#


You could see a gnoll.

Vanquished Creatures
  6 adders
  An ooze (D:3)
  A worm (D:2)
  2 dart slugs
  A leopard gecko (D:2)
  4 orcs (D:3)
  3 bats (D:2)
  7 goblins
  5 hobgoblins
  A ball python (D:1)
  4 frilled lizards
  5 kobolds
  5 rats
45 creatures vanquished.

Notes
Turn   | Place    | Note
-------+----------+-------------------------------------------
     0 | D:1      | DerDa the Merfolk Ice Elementalist began the quest for the
                  | Orb.
     0 | D:1      | Reached XP level 1. HP: 13/13 MP: 3/3
   429 | D:1      | Reached XP level 2. HP: 17/19 MP: 0/5
   978 | D:2      | Reached XP level 3. HP: 24/24 MP: 4/6
  1056 | D:2      | Learned a level 3 spell: Frozen Ramparts
  1060 | D:2      | Learned a level 3 spell: Ozocubu's Armour
  1875 | D:2      | Reached skill level 1 in Polearms
  1875 | D:2      | Reached skill level 5 in Ice Magic
  1875 | D:2      | Reached XP level 4. HP: 25/30 MP: 1/8
  2293 | D:2      | Found a shimmering blue altar of Sif Muna.
  2715 | D:3      | Slain by a gnoll

Illustrated notes

Levels and vault maps discovered:
D:1:      dpeg_arrival_shrine, layout_rooms
D:2:      layout_loops_corners, nicolae_overflow_hidden_temple
D:3:      minmay_evil_eye, layout_basic, gammafunk_ghost_arena,
          minmay_quadrilaterals

Skill      XL: |  1  2  3  4 |
---------------+-------------+-----
Dodging        | 3 |  3.7
Polearms       | 1 |  1.9
Ice Magic      | 5 |  5.3
Spellcasting   | 3 |  3.1
Stealth        | |  2.1

Action                   |  1- 3 |  4- 6 || total
-------------------------+-------+-------++-------
Melee: Club              |     4 |       ||     4
       Spear             |    20 |    16 ||    36
Throw: Dart              |     4 |       ||     4
 Cast: Freeze            |    46 |    26 ||    72
 Stab: Sleeping          |     5 |     3 ||     8
  Eat: Chunk             |     3 |     3 ||     6
Armor: Robe              |    10 |     4 ||    14
Dodge: Dodged            |    26 |    22 ||    48

Table legend:
 A = Non-vault XP
 B = Vault XP
 C = Vault XP percentage of total XP
 D = Non-vault monster count
 E = Vault monster count
 F = Vault count percentage of total count
                 A         B        C        D         E       F
            +---------+---------+-------+---------+---------+-------
      Total |     132 |      30 |  18.5 |      42 |       3 |   6.7
            +---------+---------+-------+---------+---------+-------
        D:1 |      16 |       0 |   0.0 |      10 |       0 |   0.0
        D:2 |      85 |       0 |   0.0 |      27 |       0 |   0.0
        D:3 |      31 |      30 |  49.2 |       5 |       3 |  37.5
            +---------+---------+-------+---------+---------+-------
